 Dungeon Crawl Stone Soup version 0.21.1-1-g345015fe64 (webtiles) character file.

50381 Tippip the Severer (level 14, -35/106 HPs)
             Began as a Minotaur Berserker on June 1, 2018.
             Was a High Priest of Trog.
             Killed from afar by an ogre (38 damage)
             ... with an exploding inner flame
             ... hexed by the player character
             ... on level 2 of the Orcish Mines.
             The game lasted 01:27:13 (12199 turns).

Tippip the Severer (Minotaur Berserker)            Turns: 12199, Time: 01:27:13

Health: -35/106    AC: 21    Str: 32    XL:     14   Next: 19%
Magic:  0/26       EV: 10    Int:  4    God:    Trog [*****.]
Gold:   349        SH: 20    Dex: 11    Spells: 16/16 levels left

rFire    . . .     SeeInvis .   E - +2 broad axe (chop)
rCold    . . .     Gourm    .   q - +1 shield {reflect}
rNeg     . . .     Faith    .   I - +3 plate armour {MR+}
rPois    .         Spirit   +   (helmet restricted)
rElec    .         Reflect  +   (no cloak)
rCorr    .         Harm     .   u - +1 pair of gloves
MR       ++...                  b - +0 pair of boots
Stlth    ..........             w - amulet of guardian spirit
HPRegen  0.27/turn              e - ring of magical power
MPRegen  0.20/turn              s - +6 ring of strength

@: no status effects
A: retaliatory headbutt, horns 2, large bone plates 1, frail 1, high mp 1
a: Berserk, Trog's Hand, Brothers in Arms, Burn Spellbooks, Renounce Religion


You were on level 2 of the Orcish Mines.
You worshipped Trog.
Trog was extremely pleased with you.
You were very hungry.

You visited 4 branches of the dungeon, and saw 17 of its levels.

You collected 934 gold pieces.
You spent 585 gold pieces at shops.

Inventory:

Hand Weapons
 h - a +0 war axe of flaming {Death}
 n - a +0 battleaxe
 t - a cursed +5 battleaxe
 v - a +0 broad axe
 B - a +2 broad axe
 E - a +2 broad axe of chopping (weapon)
Missiles
 C - 5 javelins
 D - 2 steel javelins (quivered)
Armour
 b - a +0 pair of boots (worn)
 d - a +0 buckler
 g - a +2 chain mail
 i - a +0 shield
 q - a +1 shield of reflection (worn)
 r - a +4 chain mail
 u - a +1 pair of gloves (worn)
 y - a +0 plate armour
 I - a +3 plate armour of magic resistance (worn)
Jewellery
 e - a ring of magical power (left hand)
 s - a +6 ring of strength (right hand)
 w - an amulet of guardian spirit (around neck)
Scrolls
 f - 6 scrolls of remove curse
 k - 2 scrolls of enchant weapon
 l - 3 scrolls of teleportation
 o - a scroll of fear
 F - a scroll of enchant armour
 G - a scroll of brand weapon
 H - a scroll of magic mapping
Potions
 a - a potion of agility
 j - a potion of lignification
 m - 2 potions of berserk rage
 p - a potion of brilliance
 x - a potion of curing
 A - 2 potions of flight


   Skills:
 - Level 9.0 Fighting
 + Level 18.6 Axes
 + Level 3.6 Throwing
 - Level 9.6 Armour
 - Level 4.9 Dodging
 - Level 0.6 Stealth
 + Level 14.6 Shields
 + Level 3.1 Unarmed Combat
 + Level 1.9 Spellcasting


You had 16 spell levels left.
You didn't know any spells.

Dungeon Overview and Level Annotations

Branches:
Dungeon (11/15)            Temple (1/1) D:6            Lair (3/6) D:11
 Shoals (0/4) Lair:2          Orc (2/2) D:10
  Snake: Lair:2-4    Spider: Lair:2-4       Elf: Orc:2

Altars:
Cheibriados
Dithmenos
Elyvilon
Fedhas
Gozag
Hepliaklqana
Kikubaaqudgha
Makhleb
Qazlal
Sif Muna
Uskayaw
Vehumet
Wu Jian
Xom
Yredelemnul
Zin
The Shining One

Shops:
D:10 }   Orc:2 [

Annotations:
Lair:2 exclusion: ice statue


Innate Abilities, Weirdness & Mutations

You reflexively headbutt those who attack you in melee.
You have a pair of horns on your head.
You are partially covered in large bone plates. (SH +4)
You are frail. (-10% HP)
You have an increased reservoir of magic. (+10% MP)


Message History

As you read the scroll of immolation, it crumbles to dust.
The creatures around you are filled with an inner flame!
You block the ogre's attack.
Your plate armour prevents you from hitting the ogre.
The ogre explodes!
The fiery explosion engulfs the ogre.
The ogre explodes!
The fiery explosion engulfs the ogre.
The ogre is moderately wounded.
The fiery explosion engulfs you!
* * * LOW HITPOINT WARNING * * *
The fiery explosion engulfs the ogre.
The ogre is severely wounded.
Trog accepts your kill. The fiery explosion engulfs you!
* * * LOW HITPOINT WARNING * * *
The fiery explosion engulfs the ogre.
The ogre explodes!
The fiery explosion engulfs you!
You die...

#........ #.. ...#........
#..# ...##........ #..#
...##........ ###..##
...###........
##.#...###..###.........
#......§O§.............. .#
#.....§§§§..............
...###.#..)@§§..............
.........))§O§..............
.........)).................
#...........................
##.......................)..
##.........................
#$.....................[)..
#.........#.#...............
#...........................


You could see a two-headed ogre (inner flame) and an ogre (inner flame).

Vanquished Creatures
  Gastronok (Lair:1)
  An ogre mage (Orc:1)
  2 hydras
  A death knight (D:11)
  16 two-headed ogres
  Urug (Lair:2)
  Nergalle (D:11)
  An unseen horror (D:10)
  Pikel (D:4)
  An ugly thing (D:11)
  2 merfolk sirens (Lair:2)
  A cyclops (Orc:2)
  Maurice (D:11)
  A spiny frog (Lair:1)
  A centaur skeleton (D:10)
  2 komodo dragons
  5 trolls
  2 polar bears (Lair:2)
  4 hippogriffs
  Sigmund (D:6)
  A wraith (D:11)
  4 wyverns
  21 yaks
  A basilisk (Lair:2)
  A hungry ghost (D:11)
  2 wargs
  9 water moccasins
  4 porcupines
  A slave (D:4)
  13 orc warriors
  2 sky beasts
  A hornet zombie (D:11)
  4 ice beasts
  2 phantoms
  A necrophage (D:6)
  16 ogres
  8 wolves (Lair:2)
  6 centaurs
  3 crocodiles
  3 big kobolds
  A wyvern zombie (D:10)
  6 bullfrogs
  3 scorpions
  5 killer bees
  6 wights
  An electric eel (D:10)
  3 howler monkeys
  A crimson imp (D:5)
  2 bullfrog zombies (D:10)
  A centaur zombie (D:5)
  14 orc wizards
  12 hounds
  9 orc priests
  A bullfrog skeleton (D:6)
  5 iguanas
  Terence (D:2)
  3 worker ants
  3 gnolls (Orc:2)
  2 worker ant zombies
  11 adders
  A shadow imp (D:6)
  A white imp (Lair:2)
  An ooze (D:3)
  3 adder zombies
  3 worms
  5 dart slugs
  6 leopard geckos
  42 orcs
  4 ball pythons
  5 giant cockroaches
  4 goblins
  4 hobgoblins
  4 jackals
  2 quokkas
  10 bats
  7 frilled lizards
  A jackal skeleton (D:8)
  10 kobolds
  A quokka skeleton (D:8)
  3 rats
  3 fungi
  10 plants
369 creatures vanquished.

Vanquished Creatures (collateral kills)
  Snorg (D:10)
  2 two-headed ogres
  A spiny frog (Lair:1)
  Psyche (D:8)
  A quasit (D:10)
  A jelly (D:10)
  A gnoll shaman (D:10)
  5 gnolls (D:10)
  An orc (Orc:1)
  A kobold (D:10)
15 creatures vanquished.

Vanquished Creatures (others)
  A worm (D:4)
  2 leopard geckos
  2 orcs
  5 plants
10 creatures vanquished.

Grand Total: 394 creatures vanquished

Notes
Turn   | Place    | Note
-------+----------+-------------------------------------------
     0 | D:1      | Tippip the Minotaur Berserker began the quest for the Orb.
     0 | D:1      | Reached XP level 1. HP: 19/19 MP: 0/0
   137 | D:1      | Reached XP level 2. HP: 15/27 MP: 1/1
   627 | D:1      | Reached skill level 4 in Axes
   691 | D:2      | Reached XP level 3. HP: 22/33 MP: 2/2
   732 | D:2      | Reached ** piety under Trog
  1183 | D:2      | Reached XP level 4. HP: 40/41 MP: 3/3
  1187 | D:2      | Noticed Terence
  1195 | D:2      | Killed Terence
  1195 | D:2      | Reached skill level 5 in Axes
  1478 | D:3      | Gained mutation: Your mind is acute. (Int +2) [potion of mutation]
  1478 | D:3      | Gained mutation: You are surrounded by a mild repulsion field. (EV +2) [potion of mutation]
  1478 | D:3      | Gained mutation: You are frail. (-10% HP) [potion of mutation]
  1478 | D:3      | Lost mutation: You are frail. (-10% HP) [potion of mutation]
  1697 | D:3      | Reached XP level 5. HP: 47/47 MP: 4/4
  1702 | D:3      | Reached skill level 6 in Axes
  1918 | D:3      | Lost mutation: Your mind is acute. (Int +2) [potion of mutation]
  1918 | D:3      | Lost mutation: You are surrounded by a mild repulsion field. (EV +2) [potion of mutation]
  1918 | D:3      | Gained mutation: You tend to lose your temper in combat. [potion of mutation]
  1918 | D:3      | Gained mutation: You are resistant to hostile enchantments. (MR+) [potion of mutation]
  2109 | D:4      | Noticed a slave
  2111 | D:4      | Noticed Pikel
  2117 | D:4      | Noticed a slave
  2118 | D:4      | Killed a slave
  2119 | D:4      | Noticed a slave
  2120 | D:4      | Noticed a slave
  2125 | D:4      | Killed Pikel
  2125 | D:4      | Reached skill level 5 in Fighting
  2125 | D:4      | Reached skill level 7 in Axes
  2125 | D:4      | Reached XP level 6. HP: 56/56 MP: 5/5
  2125 | D:4      | Reached XP level 7. HP: 61/61 MP: 6/6
  2250 | D:4      | Reached skill level 8 in Axes
  2636 | D:5      | Entered Level 5 of the Dungeon
  2702 | D:5      | Found an ornate altar of the Wu Jian Council.
  2744 | D:5      | Reached *** piety under Trog
  2792 | D:5      | Reached XP level 8. HP: 60/68 MP: 7/7
  2860 | D:5      | Found a hazy altar of Hepliaklqana.
  3428 | D:6      | Reached skill level 9 in Axes
  3580 | D:6      | Found a shimmering altar of Xom.
  3580 | D:6      | Found a stormy altar of Qazlal.
  3911 | D:6      | Noticed Sigmund
  3925 | D:6      | Killed Sigmund
  3925 | D:6      | Reached skill level 5 in Armour
  3938 | D:6      | Found a staircase to the Ecumenical Temple.
  3973 | Temple   | Entered the Ecumenical Temple
  4244 | D:6      | Reached skill level 5 in Shields
  4526 | D:7      | Reached skill level 10 in Axes
  4705 | D:7      | Reached XP level 9. HP: 54/78 MP: 8/8
  4740 | D:7      | Reached **** piety under Trog
  5231 | D:7      | Identified a scroll of acquirement
  5288 | D:8      | Noticed a two-headed ogre
  5299 | D:8      | Killed a two-headed ogre
  5299 | D:8      | Reached skill level 11 in Axes
  5453 | D:8      | Noticed a two-headed ogre
  5466 | D:8      | Killed a two-headed ogre
  5466 | D:8      | Reached skill level 12 in Axes
  5671 | D:8      | Noticed Psyche
  5678 | D:8      | Killed Psyche
  6115 | D:8      | Reached XP level 10. HP: 60/86 MP: 9/9
  6383 | D:9      | Reached skill level 13 in Axes
  7038 | D:10     | Entered Level 10 of the Dungeon
  7108 | D:10     | Noticed Snorg
  7112 | D:10     | Noticed a two-headed ogre
  7115 | D:10     | Killed Snorg
  7115 | D:10     | Reached skill level 14 in Axes
  7118 | D:10     | Killed a two-headed ogre
  7137 | D:10     | Killed an unseen horror
  7210 | D:10     | Found Orulur's Gadget Shoppe.
  7215 | D:10     | Reached XP level 11. HP: 93/94 MP: 10/10
  7566 | D:10     | Found a hide-covered altar of Uskayaw.
  7578 | D:10     | Noticed a two-headed ogre
  7585 | D:10     | Killed a two-headed ogre
  7699 | D:10     | Noticed a two-headed ogre
  7706 | D:10     | Killed a two-headed ogre
  7897 | D:10     | Found a staircase to the Orcish Mines.
  7928 | Orc:1    | Entered Level 1 of the Orcish Mines
  7928 | Orc:1    | Noticed an ogre mage
  7928 | Orc:1    | Noticed a two-headed ogre
  7928 | Orc:1    | Noticed a two-headed ogre
  7928 | Orc:1    | Noticed a two-headed ogre
  7928 | Orc:1    | Noticed a two-headed ogre
  7928 | Orc:1    | Noticed a two-headed ogre
  8136 | D:11     | Found a stormy altar of Qazlal.
  8209 | D:11     | Noticed Nergalle
  8221 | D:11     | Killed Nergalle
  8261 | D:11     | Noticed a death knight
  8273 | D:11     | Killed a death knight
  8273 | D:11     | Reached skill level 10 in Shields
  8558 | D:11     | Reached skill level 15 in Axes
  8631 | D:11     | Noticed a two-headed ogre
  8951 | D:11     | Noticed a red ugly thing
  8965 | D:11     | Killed a red ugly thing
  9058 | D:11     | Reached XP level 12. HP: 67/104 MP: 11/11
  9235 | D:11     | Noticed Maurice
  9250 | D:11     | Killed Maurice
  9366 | D:11     | Found a staircase to the Lair.
  9555 | Lair:1   | Entered Level 1 of the Lair of Beasts
  9593 | Lair:1   | Noticed a six-headed hydra
  9603 | Lair:1   | Killed a three-headed hydra
  9624 | Lair:1   | Noticed Gastronok
  9632 | Lair:1   | Reached skill level 16 in Axes
  9657 | Lair:1   | Killed Gastronok
 10093 | Lair:1   | Reached skill level 1 in Spellcasting
 10093 | Lair:1   | Reached XP level 13. HP: 111/111 MP: 14/14
 10229 | Lair:1   | You fall through a shaft!
 10400 | Lair:2   | Lost mutation: You tend to lose your temper in combat. [potion of mutation]
 10400 | Lair:2   | Lost mutation: You are resistant to hostile enchantments. (MR+) [potion of mutation]
 10400 | Lair:2   | Gained mutation: You evolve. [potion of mutation]
 10400 | Lair:2   | Gained mutation: You are partially covered in large bone plates. (SH +4) [potion of mutation]
 10400 | Lair:2   | Gained mutation: You have an increased reservoir of magic. (+10% MP) [potion of mutation]
 10441 | Lair:2   | Noticed Urug
 10463 | Lair:2   | Killed Urug
 10463 | Lair:2   | Reached skill level 17 in Axes
 10576 | Lair:2   | Found a staircase to the Shoals.
 10783 | Lair:2   | Gained mutation: You are frail. (-10% HP) [evolution]
 10783 | Lair:2   | Lost mutation: You evolve. [end of evolution]
 11739 | Orc:2    | Entered Level 2 of the Orcish Mines
 11849 | Orc:2    | Found Azymn's Armour Shoppe.
 11878 | Orc:2    | Reached ***** piety under Trog
 11894 | Orc:2    | Bought a +3 plate armour of magic resistance for 585 gold pieces
 11958 | Orc:2    | Received a gift from Trog
 12146 | Orc:2    | Reached skill level 18 in Axes
 12174 | Orc:2    | Reached XP level 14. HP: 103/106 MP: 17/17
 12199 | Orc:2    | HP: 3/106 [ogre/exploding inner flame[the player character] (15)]
 12199 | Orc:2    | Killed from afar by an ogre

Skill      XL: |  1  2  3  4  5  6  7  8  9 10 11 12 13 |
---------------+----------------------------------------+-----
Fighting       | 4 5 6 7 8 9 |  9.0
Axes           | 4 5 7 8 10 12 14 15 16 18 | 18.6
Dodging        | 3 4 |  4.9
Armour         | 4 6 7 8 9 |  9.6
Shields        | 2 3 5 6 7 10 12 14 | 14.6
Throwing       | 3 |  3.6
Unarmed Combat | 3 |  3.1
Spellcasting   | 1 |  1.9
Stealth        | |  0.6

Action                   |  1- 3 |  4- 6 |  7- 9 | 10-12 | 13-15 || total
-------------------------+-------+-------+-------+-------+-------++-------
Melee: Hand axe          |    67 |    24 |       |       |       ||    91
       Headbutt          |     7 |     8 |    45 |    89 |    52 ||   201
       War axe           |       |    37 |   231 |   328 |   131 ||   727
       Unarmed           |       |     1 |       |       |       ||     1
       Broad axe         |       |       |       |       |   105 ||   105
Throw: Javelin           |       |       |       |     3 |     7 ||    10
Invok: Berserk           |     1 |     4 |     4 |    13 |     4 ||    26
       Trog's Hand       |       |       |     2 |     3 |     1 ||     6
       Brothers in Arms  |       |       |     1 |     4 |     1 ||     6
       Burn Spellbooks   |       |       |       |     1 |       ||     1
  Use: Scroll            |     3 |     5 |     7 |    10 |     7 ||    32
       Potion            |     1 |     3 |     5 |     6 |     2 ||    17
  Eat: Ration            |     1 |     2 |     5 |     8 |     3 ||    19
Armor: Animal skin       |    11 |       |       |       |       ||    11
       Ring mail         |    16 |     1 |       |       |       ||    17
       Chain mail        |       |    34 |   117 |   205 |    72 ||   428
       Plate armour      |       |       |       |       |    24 ||    24
Dodge: Dodged            |    74 |    37 |    95 |   157 |    87 ||   450
Block: Buckler           |       |     3 |    45 |    95 |    93 ||   236
       Shield            |       |       |       |       |    63 ||    63
       Reflection        |       |       |       |       |     1 ||     1
